 Dungeon Crawl Stone Soup version 0.21.0 (webtiles) character file.

151 sagitran the Conjurer (level 5, -1/40 HPs)
             Began as a Draconian Conjurer on Jan 6, 2018.
             Was a Follower of Nemelex Xobeh.
             Slain by an orc wizard
             ... wielding a +0 dagger
              (2 damage)
             ... on level 4 of the Dungeon.
             The game lasted 00:15:12 (3596 turns).

sagitran the Conjurer (Draconian Conjurer)          Turns: 3596, Time: 00:15:12

Health: -1/40      AC:  5    Str: 15 (16) XL:     5   Next: 11%
Magic:  2/8        EV: 12    Int: 13 (16) God:    Nemelex Xobeh [*.....]
Gold:   175        SH:  0    Dex: 10 (11) Spells: 2/8 levels left

rFire    + . .     SeeInvis .   q - +2 hand axe (chop)
rCold    . . .     Gourm    .   (no shield)
rNeg     . . .     Faith    .   (armour unavailable)
rPois    .         Spirit   .   (helmet restricted)
rElec    .         Reflect  .   (no cloak)
rCorr    .         Harm     .   (no gloves)
MR       .....                  (no boots)
Stlth    ++........             (no amulet)
HPRegen  0.13/turn              w - ring of protection from fire (curse)
MPRegen  0.11/turn              (no ring)

@: mighty
A: unfitting armour, cold-blooded, AC +5
a: Renounce Religion


You were on level 4 of the Dungeon.
You worshipped Nemelex Xobeh.
Nemelex Xobeh was aware of your devotion.
You were not hungry.

You visited 1 branch of the dungeon, and saw 4 of its levels.

You collected 175 gold pieces.

Inventory:

Hand Weapons
 k - a +0 hunting sling
 q - a +2 hand axe of chopping (weapon)
 z - a +3 quarterstaff
Missiles
 m - 36 sling bullets
 r - 6 tomahawks (quivered)
Jewellery
 w - a cursed ring of protection from fire (left hand)
Wands
 o - a wand of disintegration (14)
Scrolls
 c - 3 scrolls of enchant armour {unknown}
 e - 2 scrolls of fear
 f - 3 scrolls of identify {unknown}
 g - a scroll of magic mapping {unknown}
 h - a scroll of random uselessness {unknown}
 j - 2 scrolls of amnesia {unknown}
 p - a scroll of immolation
 s - a scroll of remove curse {unknown}
 t - a scroll of teleportation {unknown}
 v - a scroll of fog {unknown}
 y - a scroll of noise {unknown}
Potions
 i - a potion of degeneration
 n - a potion of invisibility {unknown}
 x - a potion of flight {unknown}
Books
 a - a book of Conjurations

   Spells                             Type                      Level
   a - Magic Dart                     Conjuration                  1
   b - Searing Ray                    Conjuration                  2
   c - Dazzling Spray                 Conjuration/Hexes            3
   d - Fulminant Prism                Conjuration/Hexes            4
   e - Force Lance                    Conjuration/Translocation    4
   f - Iskenderun's Mystic Blast      Conjuration                  4
Comestibles
 b - 8 rations
 u - 2 chunks of flesh


   Skills:
 + Level 1.0 Fighting
   Level 0.3 Short Blades
 + Level 2.1 Axes
 + Level 0.4 Slings
 + Level 2.3 Dodging
 + Level 2.3 Stealth
 + Level 0.5 Unarmed Combat
 + Level 2.1 Spellcasting
 + Level 4.8 Conjurations
 + Level 0.9 Invocations


You had 2 spell levels left.
You knew the following spells:

 Your Spells              Type           Power        Failure   Level  Hunger
a - Magic Dart            Conj           ##..         3%          1    ##.....
b - Searing Ray           Conj           ##....       4%          2    ###....
c - Dazzling Spray        Conj/Hex       #.....       28%         3    ####...


Dungeon Overview and Level Annotations

Branches:
Dungeon (4/15)
 Temple: D:4-7

Altars:
Gozag
Makhleb
Nemelex Xobeh
Qazlal


Innate Abilities, Weirdness & Mutations

Your plain brown scales are hard. (AC +5)
You cannot fit into any form of body armour.
You are cold-blooded and may be slowed by cold attacks.


Message History

You assume a fearsome visage.
The orc priest looks frightened!
The orc looks frightened!
The orc wizard looks frightened!
It was a scroll of fear.
The orc wizard mumbles some strange words.
The orc wizard blinks!
You strike the helpless orc wizard from behind!
You hit the orc wizard but do no damage.
Your attack snaps the orc wizard out of its fear.
The orc wizard hits you with a dagger.
* * * LOW HITPOINT WARNING * * *
The orc wizard hits you but does no damage.
It was a potion of degeneration.
There was something very wrong with that liquid.
You feel weakened.
You feel dopey.
You feel clumsy.
The orc wizard hits you but does no damage.
It was a potion of might.
You feel very mighty all of a sudden. The orc wizard barely misses you.
The orc wizard hits you with a dagger.
You die...
Your body disappears without a glow.

... #........## ..
#.........##
#..........#
#.........o#
#..........##########
#.............##....##
#....................#
#...o....o####.......
#...@)...## ##......
#.....#..# ###....
##..###.## ####. ###
##o#### ## #.....####
#.o$.....#
#....o......#
#............
#............


You could see an orc priest (fleeing), an orc wizard and an orc (fleeing).

Vanquished Creatures
  A worker ant (D:4)
  3 adders
  An ooze (D:4)
  An adder skeleton (D:4)
  A worm (D:3)
  2 dart slugs (D:1)
  3 leopard geckos
  4 orcs
  A ball python (D:1)
  6 bats
  5 giant cockroaches
  6 goblins
  6 hobgoblins
  8 jackals
  6 kobolds
  A quokka (D:3)
  6 frilled lizards
  8 rats
69 creatures vanquished.

Vanquished Creatures (collateral kills)
  An adder (D:3)
  A goblin (D:3)
  A bat (D:3)
3 creatures vanquished.

Grand Total: 72 creatures vanquished

Notes
Turn   | Place    | Note
-------+----------+-------------------------------------------
     0 | D:1      | sagitran the Draconian Conjurer began the quest for the Orb.
     0 | D:1      | Reached XP level 1. HP: 14/14 MP: 3/3
   132 | D:1      | Reached XP level 2. HP: 20/20 MP: 3/5
   389 | D:1      | Learned a level 2 spell: Searing Ray
   960 | D:2      | Reached XP level 3. HP: 26/26 MP: 6/6
  1440 | D:2      | Learned a level 3 spell: Dazzling Spray
  2209 | D:3      | Found a sparkling altar of Nemelex Xobeh.
  2222 | D:3      | Became a worshipper of Nemelex Xobeh the Trickster
  2234 | D:3      | Received a gift from Nemelex Xobeh
  2260 | D:3      | Reached XP level 4. HP: 34/34 MP: 2/7
  2556 | D:3      | Found an opulent altar of Gozag.
  2559 | D:3      | Found a burning altar of Makhleb.
  2560 | D:3      | Found a stormy altar of Qazlal.
  2560 | D:3      | Found a sparkling altar of Nemelex Xobeh.
  3236 | D:4      | Reached skill level 1 in Axes
  3324 | D:4      | Reached skill level 1 in Fighting
  3324 | D:4      | Reached XP level 5. HP: 27/40 MP: 3/8
  3402 | D:4      | Reached * piety under Nemelex Xobeh
  3592 | D:4      | HP: 2/40 [orc wizard/magic dart (7)]
  3596 | D:4      | Slain by an orc wizard

Skill      XL: |  1  2  3  4  5 |
---------------+----------------+-----
Dodging        | 2 |  2.3
Stealth        | 2 |  2.3
Axes           | 1 2 |  2.1
Fighting       | 1 |  1.0
Short Blades   | |  0.3
Slings         | |  0.4
Unarmed Combat | |  0.5
Spellcasting   | |  2.1
Conjurations   | |  4.8
Invocations    | |  0.9

Action                   |  1- 3 |  4- 6 || total
-------------------------+-------+-------++-------
Melee: Unarmed           |    20 |       ||    20
       Tailslap          |     6 |     5 ||    11
       Dagger            |    41 |       ||    41
       Hand axe          |    35 |    76 ||   111
       Punch             |       |     1 ||     1
 Fire: Hunting sling     |     5 |       ||     5
 Cast: Magic Dart        |    28 |    11 ||    39
       Searing Ray       |     2 |     2 ||     4
Evoke: Deck              |       |     5 ||     5
  Use: Scroll            |     1 |     1 ||     2
       Potion            |       |     7 ||     7
 Stab: Sleeping          |     3 |     1 ||     4
       Fleeing           |       |     1 ||     1
  Eat: Chunk             |     2 |     4 ||     6
       Ration            |     1 |       ||     1
Armor: Skin              |    40 |    38 ||    78
Dodge: Dodged            |    84 |    53 ||   137
